Canadiens vs Blues

Created - 5 février 2022 at 16:27

Goals
1 2 3 T
Canadiens 3 2 1 6
Blues 2 3 0 5
Shots
1 2 3 T
Canadiens 12 15 8 35
Blues 7 11 14 32

GoalsPenalties
1st period
1. Blues , Alex DeBrincat 16 (Adam Fox 41, Calvin de Haan 24) at 1:52
2. Canadiens , Mitch Marner 23 (Jake Muzzin 32, Auston Matthews 40) at 8:15
3. Canadiens , Auston Matthews 39 (Mitch Marner 48, Jake Muzzin 33) at 9:43
4. Blues , Alex DeBrincat 17 (Tyson Barrie 21, Michael Del Zotto 10) at 13:14 (PP)
5. Canadiens , Zach Hyman 13 (Morgan Rielly 23, John Carlson 36) at 16:12 (PP)
Radek Faksa (MON) for Tripping (Minor) at 2:30
Brandon Carlo (MON) for Interference (Minor) at 12:53
Kailer Yamamoto (STL) for Hooking (Minor) at 14:24
Brandon Carlo (MON) for Tripping (Minor) at 19:33
2nd period
6. Canadiens , John Carlson 14 (Jonathan Huberdeau 25, Mitch Marner 49) at 2:46 (PP)
7. Blues , Michael Del Zotto 3 (Tyson Barrie 22, Valeri Nichushkin 17) at 7:30 (PP)
8. Blues , Alex DeBrincat 18 (Mikael Granlund 21, Valeri Nichushkin 18) at 8:11
9. Canadiens , Auston Matthews 40 (Zach Hyman 32, Mitch Marner 50) at 8:54
10. Blues , Ross Colton 6 (Vince Dunn 6, Evan Rodrigues 5) at 16:11
Kailer Yamamoto (STL) for High sticking (Minor) at 1:15
Zach Hyman (MON) for Holding (Minor) at 6:11
Brendan Lemieux (STL) for Holding (Minor) at 13:37
3rd period
11. Canadiens , Mitch Marner 24 (Jake Muzzin 34, Zach Hyman 33) at 5:24
Valeri Nichushkin (STL) for Holding (Minor) at 8:32
Radek Faksa (MON) for Interference (Minor) at 13:58
Goalie Stats
Cam Talbot (MON), 27 saves from 32 shots - (0,844), W, 25-5-5, 60:00 minutes
Pavel Francouz (STL), 17 saves from 19 shots - (0,895), L, 11-17-1, 35:49 minutes
Thomas Greiss (STL), 12 saves from 16 shots - (0,750), 22:46 minutes
3 StarsOfficial
1 - Mitch Marner (MON)
2 - Auston Matthews (MON)
3 - Alex DeBrincat (STL)
Referees : Steve Kozari and Tim Peel
Linesman : Shandor Alphonso and Brandon Gawryletz
Game Note
Pavel Francouz enters game at 2:46 of 2nd period
Alex DeBrincat has scored a Hat Trick!



Team Name Goals Shots Shots Attemp Shots Blocked PIM HIT PP PK FO%
Canadiens 63554810222 / 4 (50%)250%
Blues 5326768262 / 5 (40%)250%

Canadiens
Player Name POS G A P +/- PIM HIT SHT SB MP PP MP PP SHT PK MP PK SHT FO% FOT
Adam HenriqueC/LW000-1014016:283:4811:34167% 9
Andrew CoppC/LW000-200108:400:0000:00036% 11
Auston MatthewsC/LW2134018017:013:1210:00050% 24
Brandon CarloD0001420217:340:0002:4800% 0
Brayden SchennC/LW/RW0000012015:203:1510:00043% 14
Carson SoucyD000-1021218:150:0003:3100% 0
Clayton KellerLW/RW0000001015:523:4800:0000% 1
Colton SceviourC000-2000112:190:0004:13078% 9
Jake MuzzinD0332041121:123:1513:4400% 0
Joakim NordstromC/LW/RW000-2012012:040:0003:240100% 1
John CarlsonD112-1012119:253:4520:0000% 0
Jonathan HuberdeauLW0110012015:173:1200:000100% 1
Kasperi KapanenLW/RW000-1012015:410:3903:5600% 1
Mitch MarnerRW2354025017:013:1210:00050% 2
Morgan RiellyD0111000120:413:4500:4800% 0
Radek FaksaC000-1420013:110:0001:33043% 21
T.J. BrodieD0000011019:360:0003:4900% 0
Zach HymanLW/RW1234223016:413:0920:00050% 2
Blues
Player Name POS G A P +/- PIM HIT SHT SB MP PP MP PP SHT PK MP PK SHT FO% FOT
Adam FoxD011-1002123:413:2113:5500% 0
Alex DeBrincatLW/RW3030019017:553:2920:0000% 2
Brendan LemieuxLW/RW000023005:240:0000:0000% 0
Calvin de HaanD011-1010018:510:0003:0500% 0
Colin BlackwellC000000119:450:0004:20173% 15
Evan RodriguesC/LW/RW0111000012:340:0000:0000% 0
Kailer YamamotoLW/RW000-2451019:493:5002:120100% 1
Mats ZuccarelloRW000-2002016:553:5100:0000% 3
Michael Del ZottoD1121032017:503:5910:0000% 0
Mikael GranlundC/LW/RW0110015019:383:5111:55145% 22
Nathan BastianRW000002205:250:0000:000100% 1
Nick BjugstadC/RW000-2022116:343:2900:00045% 31
Radko GudasD000-1040219:190:0003:5500% 0
Ross ColtonC/LW/RW1011031012:440:0000:0000% 0
Tyler BozakC/RW0001001016:300:0003:12058% 19
Tyson BarrieD022-1003122:183:5903:0500% 0
Valeri NichushkinLW/RW0220201019:263:2902:2100% 2
Vince DunnD0111010018:013:2100:0000% 0

Canadiens

5 vs 5 Forward
Line #Left WingCenterRight WingPHYDFOFWanted %Time %Time Play
1Zach HymanAuston MatthewsMitch Marner0233030%13:33
2Jonathan HuberdeauBrayden SchennClayton Keller0322527%12:04
3Adam HenriqueRadek FaksaKasperi Kapanen1222525%11:06
4Colton SceviourAndrew CoppJoakim Nordstrom0322018%8:06
5 vs 5 Defense
Line #DefenseDefensePHYDFOFWanted %Time %Time Play
1John CarlsonCarson Soucy0233432%14:28
2Jake MuzzinBrandon Carlo0323332%14:14
3T.J. BrodieMorgan Rielly1223334%15:11
4John CarlsonMorgan Rielly12202%0:56
Power Play Forward
Line #Left WingCenterRight WingPHYDFOFWanted %Time %Time Play
1Jonathan HuberdeauAuston MatthewsMitch Marner0145046%3:12
2Zach HymanAdam HenriqueClayton Keller0145054%3:48
Power Play Defense
Line #DefenseDefensePHYDFOFWanted %Time %Time Play
1John CarlsonMorgan Rielly0145054%3:45
2Jake MuzzinBrayden Schenn0145046%3:15
Penalty Kill 4 Players Forward
Line #CenterWingPHYDFOFWanted %Time %Time Play
1Radek FaksaKasperi Kapanen0415054%3:56
2Colton SceviourJoakim Nordstrom0415046%3:24
Penalty Kill 4 Players Defense
Line #DefenseDefensePHYDFOFWanted %Time %Time Play
1Jake MuzzinT.J. Brodie0415052%3:49
2Brandon CarloCarson Soucy0415048%3:31
Penalty Kill 3 Players
Line #WingPHYDFOFWanted %Time %Time PlayDefenseDefensePHYDFOFWanted %Time %Time Play
1Radek Faksa050500%0:00 Carson SoucyBrandon Carlo050500%0:00
2Andrew Copp050500%0:00 Jake MuzzinT.J. Brodie050500%0:00
4 vs 4 Forward
Line #CenterWingPHYDFOFWanted %Time %Time Play
1Auston MatthewsMitch Marner0235094%0:16
2Brayden SchennJonathan Huberdeau023506%0:01
4 vs 4 Defense
Line #DefensePHYDFOFWanted %Time %Time Play
1John CarlsonCarson Soucy0325094%50% - 0:16
2T.J. BrodieMorgan Rielly032506%50% - 0:01
Last Minutes Offensive
Left WingCenterRight WingDefenseDefense
Jonathan HuberdeauAuston MatthewsMitch MarnerJohn CarlsonMorgan Rielly
Last Minutes Defensive
Left WingCenterRight WingDefenseDefense
Andrew CoppRadek FaksaJoakim NordstromJake MuzzinBrandon Carlo
Time
Total ForwardTotal DefenseLast Minutes OffensiveLast Minutes Defensive
60:00 60:00 0:000:34
Extra Forwards
Normal PowerPlayPenalty Kill
Clayton Keller, Kasperi Kapanen, Radek FaksaClayton Keller, Kasperi KapanenColton Sceviour
Extra Defensemen
Normal PowerPlayPenalty Kill
T.J. Brodie, Carson Soucy, Brandon CarloCarson Soucy, Morgan RiellyJohn Carlson
Penalty Shots
Auston Matthews, Clayton Keller, Jonathan Huberdeau, Kasperi Kapanen, Zach Hyman
Goalie
Cam Talbot, Frederik Andersen
Custom OT Lines Forwards
Auston Matthews, Mitch Marner, Jonathan Huberdeau, Brayden Schenn, Andrew Copp, Clayton Keller, Zach Hyman, Radek Faksa, Kasperi Kapanen, Adam Henrique
Custom OT Lines Defensemen
John Carlson, Morgan Rielly, Jake Muzzin, Brandon Carlo, Carson Soucy
Scratches
Matt Roy (Healthy), Egor Korshkov (Healthy), Lucas Wallmark (Healthy)

Blues

5 vs 5 Forward
Line #Left WingCenterRight WingPHYDFOFWanted %Time %Time Play
1Valeri NichushkinMikael GranlundAlex DeBrincat0233030%13:36
2Kailer YamamotoNick BjugstadMats Zuccarello0233029%13:04
3Ross ColtonTyler BozakEvan Rodrigues0322728%12:34
4Brendan LemieuxColin BlackwellNathan Bastian2121312%5:25
5 vs 5 Defense
Line #DefenseDefensePHYDFOFWanted %Time %Time Play
1Adam FoxCalvin de Haan0323435%15:34
2Tyson BarrieRadko Gudas0323334%15:14
3Vince DunnMichael Del Zotto0323331%13:39
4Michael Del ZottoCalvin de Haan03200%0:12
Power Play Forward
Line #Left WingCenterRight WingPHYDFOFWanted %Time %Time Play
1Kailer YamamotoMikael GranlundMats Zuccarello0055053%3:51
2Valeri NichushkinNick BjugstadAlex DeBrincat0055048%3:29
Power Play Defense
Line #DefenseDefensePHYDFOFWanted %Time %Time Play
1Adam FoxVince Dunn0235046%3:21
2Tyson BarrieMichael Del Zotto0235054%3:59
Penalty Kill 4 Players Forward
Line #CenterWingPHYDFOFWanted %Time %Time Play
1Colin BlackwellKailer Yamamoto0325054%3:48
2Tyler BozakValeri Nichushkin0325046%3:12
Penalty Kill 4 Players Defense
Line #DefenseDefensePHYDFOFWanted %Time %Time Play
1Radko GudasAdam Fox0325056%3:55
2Calvin de HaanTyson Barrie0325044%3:05
Penalty Kill 3 Players
Line #WingPHYDFOFWanted %Time %Time PlayDefenseDefensePHYDFOFWanted %Time %Time Play
1Evan Rodrigues041500%0:00 Radko GudasAdam Fox032500%0:00
2Tyler Bozak041500%0:00 Calvin de HaanTyson Barrie032500%0:00
4 vs 4 Forward
Line #CenterWingPHYDFOFWanted %Time %Time Play
1Mikael GranlundAlex DeBrincat0235094%0:16
2Nick BjugstadValeri Nichushkin023506%0:01
4 vs 4 Defense
Line #DefensePHYDFOFWanted %Time %Time Play
1Adam FoxVince Dunn03250100%50% - 0:17
2Tyson BarrieMichael Del Zotto032500%50% - 0:00
Last Minutes Offensive
Left WingCenterRight WingDefenseDefense
Kailer YamamotoTyler BozakAlex DeBrincatAdam FoxVince Dunn
Last Minutes Defensive
Left WingCenterRight WingDefenseDefense
Evan RodriguesMikael GranlundValeri NichushkinRadko GudasCalvin de Haan
Time
Total ForwardTotal DefenseLast Minutes OffensiveLast Minutes Defensive
60:00 60:00 0:440:00
Extra Forwards
Normal PowerPlayPenalty Kill
Kailer Yamamoto, Ross Colton, Valeri NichushkinMats Zuccarello, Alex DeBrincatColin Blackwell
Extra Defensemen
Normal PowerPlayPenalty Kill
Adam Fox, Tyson Barrie, Radko GudasAdam Fox, Radko GudasCalvin de Haan
Penalty Shots
Alex DeBrincat, Mikael Granlund, Kailer Yamamoto, Mats Zuccarello, Valeri Nichushkin
Goalie
Thomas Greiss, Pavel Francouz
Custom OT Lines Forwards
Kailer Yamamoto, Alex DeBrincat, Valeri Nichushkin, Mikael Granlund, Mats Zuccarello, Ross Colton, Colin Blackwell, Nick Bjugstad, Evan Rodrigues, Tyler Bozak
Custom OT Lines Defensemen
Adam Fox, Vince Dunn, Calvin de Haan, Radko Gudas, Tyson Barrie
Scratches
Brett Kulak (Healthy), Roman Polak (Healthy)


Play-by-Play

1st period


0:01 of 1st period - Mikael Granlund wins face-off versus Auston Matthews in neutral zone.
0:11 of 1st period - Shot by Auston Matthews.
0:11 of 1st period - Stopped by Thomas Greiss without a rebound.
0:12 of 1st period - Brayden Schenn wins face-off versus Nick Bjugstad in Blues zone.
0:15 of 1st period - Shot by Clayton Keller.
0:15 of 1st period - Shot Misses the Net.
0:33 of 1st period - Shot by Kailer Yamamoto.
0:33 of 1st period - Shot Blocked by Brandon Carlo.
1:21 of 1st period - Shot by T.J. Brodie.
1:21 of 1st period - Stopped by Thomas Greiss without a rebound.
1:22 of 1st period - Andrew Copp wins face-off versus Alex DeBrincat in Blues zone.
1:31 of 1st period - Shot by Joakim Nordstrom.
1:31 of 1st period - Stopped by Thomas Greiss with a rebound.
1:46 of 1st period - Shot by Valeri Nichushkin.
1:46 of 1st period - Shot Misses the Net.
1:52 of 1st period - Shot by Adam Fox.
1:52 of 1st period - Deflect By Alex DeBrincat.
1:52 of 1st period - Goal by Alex DeBrincat - Canadiens : 0 - Blues : 1.
1:53 of 1st period - Colin Blackwell wins face-off versus Auston Matthews in neutral zone.
1:53 of 1st period - Vince Dunn is hit by Zach Hyman and loses puck.
2:02 of 1st period - Off-side.
2:03 of 1st period - Tyler Bozak wins face-off versus Radek Faksa in neutral zone.
2:17 of 1st period - Shot by Evan Rodrigues.
2:17 of 1st period - Shot Misses the Net.
2:30 of 1st period - Minor Penalty to Radek Faksa for Tripping.
2:31 of 1st period - Colton Sceviour wins face-off versus Mikael Granlund in Canadiens zone.
2:56 of 1st period - Shot by Adam Fox.
2:56 of 1st period - Stopped by Cam Talbot without a rebound.
2:57 of 1st period - Joakim Nordstrom wins face-off versus Nick Bjugstad in Canadiens zone.
3:07 of 1st period - Icing by Valeri Nichushkin.
3:08 of 1st period - Colton Sceviour wins face-off versus Nick Bjugstad in Blues zone.
3:28 of 1st period - Michael Del Zotto is hit by Joakim Nordstrom and loses puck.
3:40 of 1st period - Icing by Tyson Barrie.
3:41 of 1st period - Adam Henrique wins face-off versus Nick Bjugstad in Blues zone.
3:46 of 1st period - Shot by Adam Henrique.
3:46 of 1st period - Stopped by Thomas Greiss without a rebound.
3:47 of 1st period - Adam Henrique wins face-off versus Mats Zuccarello in Blues zone.
4:01 of 1st period - Adam Fox is hit by Jake Muzzin and loses puck.
4:50 of 1st period - Shot by Zach Hyman.
4:50 of 1st period - Shot Blocked by Radko Gudas.
4:52 of 1st period - Shot by Auston Matthews.
4:52 of 1st period - Shot Blocked by Colin Blackwell.
5:11 of 1st period - Mitch Marner is hit by Radko Gudas and loses puck.
5:25 of 1st period - Andrew Copp is hit by Brendan Lemieux and loses puck.
5:40 of 1st period - Andrew Copp is hit by Brendan Lemieux and loses puck.
6:31 of 1st period - Icing by Brayden Schenn.
6:32 of 1st period - Nick Bjugstad wins face-off versus Clayton Keller in Canadiens zone.
7:33 of 1st period - Shot by Mikael Granlund.
7:33 of 1st period - Stopped by Cam Talbot without a rebound.
7:34 of 1st period - Radek Faksa wins face-off versus Tyler Bozak in Canadiens zone.
7:54 of 1st period - Off-side.
7:55 of 1st period - Auston Matthews wins face-off versus Mikael Granlund in neutral zone.
7:59 of 1st period - Off-side.
8:00 of 1st period - Mikael Granlund wins face-off versus Auston Matthews in neutral zone.
8:05 of 1st period - Shot by Alex DeBrincat.
8:05 of 1st period - Stopped by Cam Talbot with a rebound.
8:15 of 1st period - Shot by Mitch Marner.
8:15 of 1st period - Goal by Mitch Marner - Canadiens : 1 - Blues : 1.
8:16 of 1st period - Tyler Bozak wins face-off versus Kasperi Kapanen in neutral zone.
8:23 of 1st period - Shot by Ross Colton.
8:23 of 1st period - Shot Misses the Net.
8:54 of 1st period - Evan Rodrigues is hit by Carson Soucy and loses puck.
9:08 of 1st period - Off-side.
9:09 of 1st period - Auston Matthews wins face-off versus Mikael Granlund in neutral zone.
9:23 of 1st period - Shot by Auston Matthews.
9:23 of 1st period - Stopped by Thomas Greiss without a rebound.
9:24 of 1st period - Andrew Copp wins face-off versus Mats Zuccarello in Blues zone.
9:35 of 1st period - Icing by Nick Bjugstad.
9:36 of 1st period - Zach Hyman wins face-off versus Nick Bjugstad in Blues zone.
9:43 of 1st period - Shot by Auston Matthews.
9:43 of 1st period - Goal by Auston Matthews - Canadiens : 2 - Blues : 1.
9:44 of 1st period - Mikael Granlund wins face-off versus Auston Matthews in neutral zone.
10:54 of 1st period - Icing by Morgan Rielly.
10:55 of 1st period - Radek Faksa wins face-off versus Nick Bjugstad in Canadiens zone.
11:12 of 1st period - Radek Faksa is hit by Nick Bjugstad.
11:28 of 1st period - Shot by Kasperi Kapanen.
11:28 of 1st period - Stopped by Thomas Greiss without a rebound.
11:29 of 1st period - Tyler Bozak wins face-off versus Andrew Copp in Blues zone.
12:53 of 1st period - Minor Penalty to Brandon Carlo for Interference.
12:54 of 1st period - Radek Faksa wins face-off versus Nick Bjugstad in Canadiens zone.
12:58 of 1st period - Off-side.
12:59 of 1st period - Radek Faksa wins face-off versus Nick Bjugstad in neutral zone.
13:07 of 1st period - Tyson Barrie is hit by T.J. Brodie and loses puck.
13:14 of 1st period - Shot by Alex DeBrincat.
13:14 of 1st period - Goal by Alex DeBrincat - Canadiens : 2 - Blues : 2.
13:15 of 1st period - Tyler Bozak wins face-off versus Mitch Marner in neutral zone.
13:32 of 1st period - Auston Matthews is hit by Ross Colton and loses puck.
13:38 of 1st period - Icing by Mitch Marner.
13:39 of 1st period - Nick Bjugstad wins face-off versus Zach Hyman in Canadiens zone.
13:48 of 1st period - Shot by Kailer Yamamoto.
13:48 of 1st period - Shot Blocked by Brandon Carlo.
14:24 of 1st period - Minor Penalty to Kailer Yamamoto for Hooking.
14:25 of 1st period - Adam Henrique wins face-off versus Tyler Bozak in Blues zone.
14:57 of 1st period - Icing by Adam Henrique.
14:58 of 1st period - Colin Blackwell wins face-off versus Adam Henrique in Canadiens zone.
14:59 of 1st period - Shot by Mikael Granlund.
14:59 of 1st period - Shot Misses the Net.
15:01 of 1st period - Shot by Colin Blackwell.
15:01 of 1st period - Deflect By Mikael Granlund.
15:01 of 1st period - Stopped by Cam Talbot with a rebound.
15:03 of 1st period - Shot by Colin Blackwell.
15:03 of 1st period - Stopped by Cam Talbot without a rebound.
15:04 of 1st period - Colin Blackwell wins face-off versus Auston Matthews in Canadiens zone.
15:08 of 1st period - Icing by Jake Muzzin.
15:09 of 1st period - Colin Blackwell wins face-off versus Auston Matthews in Canadiens zone.
15:12 of 1st period - Shot by Mikael Granlund.
15:12 of 1st period - Shot Misses the Net.
15:35 of 1st period - Shot by Auston Matthews.
15:35 of 1st period - Stopped by Thomas Greiss without a rebound.
15:36 of 1st period - Adam Henrique wins face-off versus Colin Blackwell in Blues zone.
15:39 of 1st period - Shot by John Carlson.
15:39 of 1st period - Stopped by Thomas Greiss without a rebound.
15:40 of 1st period - Colin Blackwell wins face-off versus Adam Henrique in Blues zone.
16:10 of 1st period - Shot by Morgan Rielly.
16:10 of 1st period - Shot Misses the Net.
16:12 of 1st period - Shot by Zach Hyman.
16:12 of 1st period - Goal by Zach Hyman - Canadiens : 3 - Blues : 2.
16:13 of 1st period - Andrew Copp wins face-off versus Nick Bjugstad in neutral zone.
16:13 of 1st period - Andrew Copp is hit by Kailer Yamamoto.
16:22 of 1st period - Colton Sceviour is hit by Michael Del Zotto and loses puck.
16:31 of 1st period - Andrew Copp is hit by Nick Bjugstad.
16:41 of 1st period - Icing by Brandon Carlo.
16:42 of 1st period - Andrew Copp wins face-off versus Mikael Granlund in Canadiens zone.
16:59 of 1st period - Shot by Andrew Copp.
16:59 of 1st period - Stopped by Thomas Greiss without a rebound.
17:00 of 1st period - Jonathan Huberdeau wins face-off versus Tyler Bozak in Blues zone.
17:11 of 1st period - Morgan Rielly is hit by Ross Colton and loses puck.
17:16 of 1st period - Shot by Tyler Bozak.
17:16 of 1st period - Shot Misses the Net.
17:54 of 1st period - Carson Soucy is hit by Ross Colton.
18:04 of 1st period - Shot by Radek Faksa.
18:04 of 1st period - Shot Misses the Net.
18:54 of 1st period - Shot by Valeri Nichushkin.
18:54 of 1st period - Shot Blocked by Jake Muzzin.
19:33 of 1st period - Minor Penalty to Brandon Carlo for Tripping.
19:34 of 1st period - Colton Sceviour wins face-off versus Mats Zuccarello in Canadiens zone.
19:34 of 1st period - Colton Sceviour is hit by Kailer Yamamoto.
19:54 of 1st period - Shot by Mats Zuccarello.
19:54 of 1st period - Shot Misses the Net.
Goals for this period are 3 for Canadiens vs 2 for Blues.
Shots for this period are 12 for Canadiens vs 7 for Blues.

2nd period


0:01 of 2nd period - Nick Bjugstad wins face-off versus Colton Sceviour in neutral zone.
0:19 of 2nd period - Icing by Tyson Barrie.
0:20 of 2nd period - Nick Bjugstad wins face-off versus Radek Faksa in Blues zone.
0:20 of 2nd period - Nick Bjugstad is hit by Radek Faksa.
0:29 of 2nd period - Alex DeBrincat is hit by Jake Muzzin and loses puck.
0:41 of 2nd period - Nick Bjugstad is hit by Jake Muzzin and loses puck.
1:15 of 2nd period - Minor Penalty to Kailer Yamamoto for High sticking.
1:16 of 2nd period - Auston Matthews wins face-off versus Mikael Granlund in Blues zone.
1:19 of 2nd period - Shot by Mitch Marner.
1:19 of 2nd period - Shot Misses the Net.
1:21 of 2nd period - Shot by Mitch Marner.
1:21 of 2nd period - Stopped by Thomas Greiss with a rebound.
1:25 of 2nd period - Shot by Mitch Marner.
1:25 of 2nd period - Stopped by Thomas Greiss with a rebound.
1:31 of 2nd period - Shot by Auston Matthews.
1:31 of 2nd period - Stopped by Thomas Greiss without a rebound.
1:32 of 2nd period - Nick Bjugstad wins face-off versus Brayden Schenn in Blues zone.
1:59 of 2nd period - Shot by Brayden Schenn.
1:59 of 2nd period - Shot Blocked by Adam Fox.
2:01 of 2nd period - Shot by Jake Muzzin.
2:01 of 2nd period - Shot Misses the Net.
2:37 of 2nd period - Tyson Barrie is hit by Mitch Marner and loses puck.
2:44 of 2nd period - Shot by Jonathan Huberdeau.
2:44 of 2nd period - Shot Misses the Net.
2:46 of 2nd period - Shot by John Carlson.
2:46 of 2nd period - Goal by John Carlson - Canadiens : 4 - Blues : 2.
2:46 of 2nd period - Pavel Francouz enters game.
2:47 of 2nd period - Nick Bjugstad wins face-off versus Andrew Copp in neutral zone.
3:06 of 2nd period - Shot by Nick Bjugstad.
3:06 of 2nd period - Stopped by Cam Talbot without a rebound.
3:07 of 2nd period - Tyler Bozak wins face-off versus Auston Matthews in Canadiens zone.
3:07 of 2nd period - Tyler Bozak is hit by Carson Soucy.
3:26 of 2nd period - Mitch Marner is hit by Radko Gudas and loses puck.
3:32 of 2nd period - Ross Colton is hit by Auston Matthews and loses puck.
3:40 of 2nd period - Icing by Zach Hyman.
3:41 of 2nd period - Nick Bjugstad wins face-off versus Auston Matthews in Canadiens zone.
4:00 of 2nd period - Shot by Mitch Marner.
4:00 of 2nd period - Shot Misses the Net.
4:23 of 2nd period - Shot by Clayton Keller.
4:23 of 2nd period - Stopped by Pavel Francouz without a rebound.
4:24 of 2nd period - Radek Faksa wins face-off versus Mikael Granlund in Blues zone.
4:45 of 2nd period - Shot by Valeri Nichushkin.
4:45 of 2nd period - Stopped by Cam Talbot without a rebound.
4:46 of 2nd period - Brayden Schenn wins face-off versus Tyler Bozak in Canadiens zone.
4:46 of 2nd period - Brayden Schenn is hit by Radko Gudas.
5:47 of 2nd period - Valeri Nichushkin is hit by Radek Faksa and loses puck.
6:00 of 2nd period - Shot by Kasperi Kapanen.
6:00 of 2nd period - Shot Misses the Net.
6:02 of 2nd period - Shot by Adam Henrique.
6:02 of 2nd period - Stopped by Pavel Francouz with a rebound.
6:04 of 2nd period - Shot by Carson Soucy.
6:04 of 2nd period - Stopped by Pavel Francouz without a rebound.
6:05 of 2nd period - Nick Bjugstad wins face-off versus Auston Matthews in Blues zone.
6:05 of 2nd period - Nick Bjugstad is hit by Zach Hyman.
6:11 of 2nd period - Minor Penalty to Zach Hyman for Holding.
6:12 of 2nd period - Colton Sceviour wins face-off versus Mikael Granlund in Canadiens zone.
6:44 of 2nd period - Mikael Granlund is hit by Jake Muzzin and loses puck.
7:16 of 2nd period - Icing by Tyson Barrie.
7:17 of 2nd period - Radek Faksa wins face-off versus Alex DeBrincat in Blues zone.
7:30 of 2nd period - Shot by Michael Del Zotto.
7:30 of 2nd period - Goal by Michael Del Zotto - Canadiens : 4 - Blues : 3.
7:31 of 2nd period - Tyler Bozak wins face-off versus Brayden Schenn in neutral zone.
7:45 of 2nd period - Shot by Evan Rodrigues.
7:45 of 2nd period - Shot Misses the Net.
7:59 of 2nd period - Shot by Tyson Barrie.
7:59 of 2nd period - Stopped by Cam Talbot without a rebound.
8:00 of 2nd period - Mikael Granlund wins face-off versus Radek Faksa in Canadiens zone.
8:09 of 2nd period - Shot by Alex DeBrincat.
8:09 of 2nd period - Deflect By Mikael Granlund.
8:09 of 2nd period - Shot Misses the Net.
8:11 of 2nd period - Shot by Alex DeBrincat.
8:11 of 2nd period - The goal is going for a video replay.
8:11 of 2nd period - The goal is good.
8:11 of 2nd period - Goal by Alex DeBrincat - Canadiens : 4 - Blues : 4.
8:12 of 2nd period - Auston Matthews wins face-off versus Nick Bjugstad in neutral zone.
8:52 of 2nd period - Shot by Zach Hyman.
8:52 of 2nd period - Stopped by Pavel Francouz with a rebound.
8:54 of 2nd period - Shot by Auston Matthews.
8:54 of 2nd period - Goal by Auston Matthews - Canadiens : 5 - Blues : 4.
8:55 of 2nd period - Mikael Granlund wins face-off versus Radek Faksa in neutral zone.
8:55 of 2nd period - Mikael Granlund is hit by Adam Henrique.
8:59 of 2nd period - Shot by Alex DeBrincat.
8:59 of 2nd period - Shot Blocked by Carson Soucy.
9:13 of 2nd period - Shot by Kasperi Kapanen.
9:13 of 2nd period - Stopped by Pavel Francouz without a rebound.
9:14 of 2nd period - Tyler Bozak wins face-off versus Brayden Schenn in Blues zone.
9:14 of 2nd period - Tyler Bozak is hit by Brayden Schenn.
9:24 of 2nd period - Shot by Ross Colton.
9:24 of 2nd period - Shot Misses the Net.
9:30 of 2nd period - Shot by Brayden Schenn.
9:30 of 2nd period - Shot Misses the Net.
9:32 of 2nd period - Shot by Brayden Schenn.
9:32 of 2nd period - Stopped by Pavel Francouz without a rebound.
9:33 of 2nd period - Mikael Granlund wins face-off versus Radek Faksa in Blues zone.
9:40 of 2nd period - Shot by Alex DeBrincat.
9:40 of 2nd period - Stopped by Cam Talbot without a rebound.
9:41 of 2nd period - Mikael Granlund wins face-off versus Radek Faksa in Canadiens zone.
10:47 of 2nd period - Shot by Clayton Keller.
10:47 of 2nd period - Shot Blocked by Nick Bjugstad.
11:10 of 2nd period - Shot by Jonathan Huberdeau.
11:10 of 2nd period - Stopped by Pavel Francouz without a rebound.
11:11 of 2nd period - Mitch Marner wins face-off versus Tyler Bozak in Blues zone.
11:18 of 2nd period - Shot by Auston Matthews.
11:18 of 2nd period - Stopped by Pavel Francouz without a rebound.
11:19 of 2nd period - Tyler Bozak wins face-off versus Andrew Copp in Blues zone.
11:34 of 2nd period - Shot by Evan Rodrigues.
11:34 of 2nd period - Shot Misses the Net.
11:36 of 2nd period - Shot by Evan Rodrigues.
11:36 of 2nd period - Shot Misses the Net.
11:38 of 2nd period - Shot by Tyson Barrie.
11:38 of 2nd period - Stopped by Cam Talbot without a rebound.
11:39 of 2nd period - Auston Matthews wins face-off versus Nick Bjugstad in Canadiens zone.
12:14 of 2nd period - Shot by Auston Matthews.
12:14 of 2nd period - Stopped by Pavel Francouz without a rebound.
12:15 of 2nd period - Mikael Granlund wins face-off versus Radek Faksa in Blues zone.
12:15 of 2nd period - Mikael Granlund is hit by Kasperi Kapanen.
12:27 of 2nd period - Shot by Valeri Nichushkin.
12:27 of 2nd period - Shot Misses the Net.
12:34 of 2nd period - Kasperi Kapanen is hit by Michael Del Zotto and loses puck.
12:46 of 2nd period - Vince Dunn is hit by John Carlson and loses puck.
12:54 of 2nd period - Kasperi Kapanen is hit by Vince Dunn and loses puck.
13:08 of 2nd period - Off-side.
13:09 of 2nd period - Nick Bjugstad wins face-off versus Colton Sceviour in neutral zone.
13:33 of 2nd period - Icing by Brandon Carlo.
13:34 of 2nd period - Nathan Bastian wins face-off versus Andrew Copp in Canadiens zone.
13:34 of 2nd period - Nathan Bastian is hit by Brandon Carlo.
13:37 of 2nd period - Minor Penalty to Brendan Lemieux for Holding.
13:38 of 2nd period - Colin Blackwell wins face-off versus Auston Matthews in Blues zone.
15:19 of 2nd period - Shot by Brayden Schenn.
15:19 of 2nd period - Stopped by Pavel Francouz with a rebound.
16:04 of 2nd period - Tyler Bozak is hit by Brandon Carlo and loses puck.
16:11 of 2nd period - Shot by Ross Colton.
16:11 of 2nd period - Goal by Ross Colton - Canadiens : 5 - Blues : 5.
16:12 of 2nd period - Radek Faksa wins face-off versus Mikael Granlund in neutral zone.
16:43 of 2nd period - Shot by Valeri Nichushkin.
16:43 of 2nd period - Shot Misses the Net.
16:45 of 2nd period - Shot by Valeri Nichushkin.
16:45 of 2nd period - Shot Misses the Net.
17:06 of 2nd period - Shot by Mats Zuccarello.
17:06 of 2nd period - Stopped by Cam Talbot without a rebound.
17:07 of 2nd period - Colin Blackwell wins face-off versus Auston Matthews in Canadiens zone.
17:18 of 2nd period - Shot by Nathan Bastian.
17:18 of 2nd period - Stopped by Cam Talbot without a rebound.
17:19 of 2nd period - Brayden Schenn wins face-off versus Nick Bjugstad in Canadiens zone.
18:39 of 2nd period - Shot by Michael Del Zotto.
18:39 of 2nd period - Stopped by Cam Talbot with a rebound.
19:06 of 2nd period - Icing by Morgan Rielly.
19:07 of 2nd period - Auston Matthews wins face-off versus Valeri Nichushkin in Canadiens zone.
19:07 of 2nd period - Auston Matthews is hit by Alex DeBrincat.
Goals for this period are 2 for Canadiens vs 3 for Blues.
Shots for this period are 15 for Canadiens vs 11 for Blues.

3rd period


0:01 of 3rd period - Auston Matthews wins face-off versus Nick Bjugstad in neutral zone.
0:14 of 3rd period - Shot by Mats Zuccarello.
0:14 of 3rd period - Shot Blocked by Morgan Rielly.
0:16 of 3rd period - Shot by Adam Fox.
0:16 of 3rd period - Shot Misses the Net.
0:18 of 3rd period - Shot by Mats Zuccarello.
0:18 of 3rd period - Shot Misses the Net.
0:20 of 3rd period - Shot by Adam Fox.
0:20 of 3rd period - Shot Misses the Net.
0:53 of 3rd period - Icing by Mats Zuccarello.
0:54 of 3rd period - Nick Bjugstad wins face-off versus Brayden Schenn in Blues zone.
1:08 of 3rd period - Icing by Carson Soucy.
1:09 of 3rd period - Brayden Schenn wins face-off versus Mikael Granlund in Canadiens zone.
1:35 of 3rd period - Icing by Brayden Schenn.
1:36 of 3rd period - Colin Blackwell wins face-off versus Brayden Schenn in Canadiens zone.
1:37 of 3rd period - Shot by Tyson Barrie.
1:37 of 3rd period - Stopped by Cam Talbot without a rebound.
1:38 of 3rd period - Colin Blackwell wins face-off versus Radek Faksa in Canadiens zone.
2:16 of 3rd period - Icing by Morgan Rielly.
2:17 of 3rd period - Mikael Granlund wins face-off versus Radek Faksa in Canadiens zone.
2:22 of 3rd period - Shot by Alex DeBrincat.
2:22 of 3rd period - Stopped by Cam Talbot without a rebound.
2:23 of 3rd period - Auston Matthews wins face-off versus Nick Bjugstad in Canadiens zone.
3:39 of 3rd period - Shot by Alex DeBrincat.
3:39 of 3rd period - Stopped by Cam Talbot without a rebound.
3:40 of 3rd period - Tyler Bozak wins face-off versus Brayden Schenn in Canadiens zone.
3:41 of 3rd period - Shot by Ross Colton.
3:41 of 3rd period - Shot Misses the Net.
3:56 of 3rd period - Morgan Rielly is hit by Radko Gudas and loses puck.
4:58 of 3rd period - Off-side.
4:59 of 3rd period - Auston Matthews wins face-off versus Mikael Granlund in neutral zone.
5:24 of 3rd period - Shot by Mitch Marner.
5:24 of 3rd period - Goal by Mitch Marner - Canadiens : 6 - Blues : 5.
5:25 of 3rd period - Nick Bjugstad wins face-off versus Andrew Copp in neutral zone.
5:28 of 3rd period - John Carlson is hit by Kailer Yamamoto and loses puck.
5:33 of 3rd period - Shot by Adam Fox.
5:33 of 3rd period - Stopped by Cam Talbot without a rebound.
5:34 of 3rd period - Nick Bjugstad wins face-off versus Radek Faksa in Canadiens zone.
6:15 of 3rd period - Shot by Mats Zuccarello.
6:15 of 3rd period - Stopped by Cam Talbot with a rebound.
6:48 of 3rd period - Joakim Nordstrom is hit by Michael Del Zotto.
6:55 of 3rd period - Icing by Michael Del Zotto.
6:56 of 3rd period - Auston Matthews wins face-off versus Valeri Nichushkin in Blues zone.
7:07 of 3rd period - Shot by Mikael Granlund.
7:07 of 3rd period - Stopped by Cam Talbot without a rebound.
7:08 of 3rd period - Brayden Schenn wins face-off versus Tyler Bozak in Canadiens zone.
7:18 of 3rd period - Shot by Tyson Barrie.
7:18 of 3rd period - Shot Misses the Net.
7:30 of 3rd period - Shot by Clayton Keller.
7:30 of 3rd period - Shot Blocked by Radko Gudas.
7:33 of 3rd period - Icing by Radko Gudas.
7:34 of 3rd period - Auston Matthews wins face-off versus Tyler Bozak in Blues zone.
8:32 of 3rd period - Minor Penalty to Valeri Nichushkin for Holding.
8:33 of 3rd period - Adam Henrique wins face-off versus Colin Blackwell in Blues zone.
8:34 of 3rd period - Shot by Brayden Schenn.
8:34 of 3rd period - Shot Blocked by Tyson Barrie.
8:38 of 3rd period - Shot by Jake Muzzin.
8:38 of 3rd period - Stopped by Pavel Francouz without a rebound.
8:39 of 3rd period - Adam Henrique wins face-off versus Colin Blackwell in Blues zone.
8:44 of 3rd period - Shot by Zach Hyman.
8:44 of 3rd period - Stopped by Pavel Francouz without a rebound.
8:45 of 3rd period - Auston Matthews wins face-off versus Colin Blackwell in Blues zone.
8:52 of 3rd period - Shot by Brayden Schenn.
8:52 of 3rd period - Shot Misses the Net.
8:54 of 3rd period - Shot by Mitch Marner.
8:54 of 3rd period - Stopped by Pavel Francouz without a rebound.
8:55 of 3rd period - Colin Blackwell wins face-off versus Adam Henrique in Blues zone.
9:24 of 3rd period - Shot by John Carlson.
9:24 of 3rd period - Shot Misses the Net.
9:26 of 3rd period - Shot by Adam Henrique.
9:26 of 3rd period - Stopped by Pavel Francouz without a rebound.
9:27 of 3rd period - Tyler Bozak wins face-off versus Auston Matthews in Blues zone.
9:27 of 3rd period - Tyler Bozak is hit by Mitch Marner.
10:56 of 3rd period - Icing by Andrew Copp.
10:57 of 3rd period - Tyler Bozak wins face-off versus Andrew Copp in Canadiens zone.
11:08 of 3rd period - Shot by Joakim Nordstrom.
11:08 of 3rd period - Stopped by Pavel Francouz without a rebound.
11:09 of 3rd period - Radek Faksa wins face-off versus Nick Bjugstad in Blues zone.
11:12 of 3rd period - Shot by Adam Henrique.
11:12 of 3rd period - Stopped by Pavel Francouz without a rebound.
11:13 of 3rd period - Brayden Schenn wins face-off versus Nick Bjugstad in Blues zone.
11:14 of 3rd period - Shot by Jonathan Huberdeau.
11:14 of 3rd period - Stopped by Pavel Francouz without a rebound.
11:15 of 3rd period - Nick Bjugstad wins face-off versus Brayden Schenn in Blues zone.
11:15 of 3rd period - Nick Bjugstad is hit by Jonathan Huberdeau.
11:30 of 3rd period - Jake Muzzin is hit by Kailer Yamamoto and loses puck.
11:35 of 3rd period - Clayton Keller is hit by Kailer Yamamoto and loses puck.
11:49 of 3rd period - Jake Muzzin is hit by Calvin de Haan and loses puck.
12:36 of 3rd period - Shot by Alex DeBrincat.
12:36 of 3rd period - Shot Misses the Net.
12:38 of 3rd period - Shot by Alex DeBrincat.
12:38 of 3rd period - Shot Misses the Net.
12:48 of 3rd period - Shot by Mikael Granlund.
12:48 of 3rd period - Shot Misses the Net.
12:50 of 3rd period - Shot by Mikael Granlund.
12:50 of 3rd period - Deflect By Alex DeBrincat.
12:50 of 3rd period - Stopped by Cam Talbot with a rebound.
12:52 of 3rd period - Shot by Mikael Granlund.
12:52 of 3rd period - Shot Misses the Net.
12:56 of 3rd period - Shot by Mikael Granlund.
12:56 of 3rd period - Stopped by Cam Talbot with a rebound.
13:31 of 3rd period - Shot by Nathan Bastian.
13:31 of 3rd period - Stopped by Cam Talbot without a rebound.
13:32 of 3rd period - Radek Faksa wins face-off versus Tyler Bozak in Canadiens zone.
13:58 of 3rd period - Minor Penalty to Radek Faksa for Interference.
13:59 of 3rd period - Colton Sceviour wins face-off versus Mikael Granlund in Canadiens zone.
14:10 of 3rd period - Shot by Mikael Granlund.
14:10 of 3rd period - Shot Blocked by Carson Soucy.
14:12 of 3rd period - Shot by Michael Del Zotto.
14:12 of 3rd period - Shot Blocked by Colton Sceviour.
14:14 of 3rd period - Shot by Mikael Granlund.
14:14 of 3rd period - Stopped by Cam Talbot without a rebound.
14:15 of 3rd period - Colton Sceviour wins face-off versus Nick Bjugstad in Canadiens zone.
14:48 of 3rd period - Shot by Alex DeBrincat.
14:48 of 3rd period - Stopped by Cam Talbot without a rebound.
14:49 of 3rd period - Colton Sceviour wins face-off versus Mikael Granlund in Canadiens zone.
14:49 of 3rd period - Colton Sceviour is hit by Mikael Granlund.
15:01 of 3rd period - Shot by Kailer Yamamoto.
15:01 of 3rd period - Shot Misses the Net.
16:35 of 3rd period - Shot by Brayden Schenn.
16:35 of 3rd period - Shot Misses the Net.
16:56 of 3rd period - Icing by Brendan Lemieux.
16:57 of 3rd period - Colin Blackwell wins face-off versus Radek Faksa in Blues zone.
17:06 of 3rd period - Brandon Carlo is hit by Nathan Bastian and loses puck.
17:17 of 3rd period - Shot by Adam Henrique.
17:17 of 3rd period - Shot Misses the Net.
17:35 of 3rd period - Brandon Carlo is hit by Nathan Bastian and loses puck.
17:45 of 3rd period - Jake Muzzin is hit by Brendan Lemieux.
18:09 of 3rd period - Icing by John Carlson.
18:10 of 3rd period - Nick Bjugstad wins face-off versus Andrew Copp in Canadiens zone.
18:21 of 3rd period - Shot by Mats Zuccarello.
18:21 of 3rd period - Shot Misses the Net.
18:23 of 3rd period - Shot by Kailer Yamamoto.
18:23 of 3rd period - Stopped by Cam Talbot with a rebound.
18:25 of 3rd period - Shot by Michael Del Zotto.
18:25 of 3rd period - Shot Blocked by John Carlson.
18:27 of 3rd period - Shot by Nick Bjugstad.
18:27 of 3rd period - Stopped by Cam Talbot without a rebound.
18:28 of 3rd period - Mikael Granlund wins face-off versus Brayden Schenn in Canadiens zone.
18:35 of 3rd period - Blues, Pavel Francouz is pulled from the net.
19:23 of 3rd period - Shot by Vince Dunn.
19:23 of 3rd period - Shot Misses the Net.
19:25 of 3rd period - Shot by Kailer Yamamoto.
19:25 of 3rd period - Deflect By Tyler Bozak.
19:25 of 3rd period - Stopped by Cam Talbot without a rebound.
19:26 of 3rd period - Kailer Yamamoto wins face-off versus Radek Faksa in Canadiens zone.
Goals for this period are 1 for Canadiens vs 0 for Blues.
Shots for this period are 8 for Canadiens vs 14 for Blues.




Output by the SimonT Hockey Simulator (STHS) for Eric Henault - Original Page W3C HTML5 Valid
Hockey Simulator - Hockey Simulation - Hockey Manager